 Dungeon Crawl Stone Soup version 0.21.1-1-g345015f (webtiles) character file.

171 kae the Firebug (level 5, -2/28 HPs)
             Began as a Tengu Fire Elementalist on Apr 5, 2018.
             Slain by Blork the orc
             ... wielding a +0 scimitar of draining
              (7 damage)
             ... on level 4 of the Dungeon.
             The game lasted 00:04:04 (4284 turns).

kae the Firebug (Tengu Fire Elementalist)           Turns: 4284, Time: 00:04:05

Health: -2/28      AC:  3    Str:  8    XL:     5   Next: 51%
Magic:  10/10      EV: 12    Int: 17    God:
Gold:   158        SH:  0    Dex: 14    Spells: 3/9 levels left

rFire    . . .     SeeInvis .   h - +0 spear
rCold    . . .     Gourm    .   (no shield)
rNeg     . . .     Faith    .   a - +1 robe
rPois    .         Spirit   .   (helmet restricted)
rElec    .         Reflect  .   (no cloak)
rCorr    .         Harm     .   (no gloves)
MR       .....                  (boots unavailable)
Stlth    ++........             (no amulet)
HPRegen  0.09/turn              (no ring)
MPRegen  0.12/turn              (no ring)

@: very slightly contaminated, drained
A: beak, talons 3, able to fly 1
a: Fly


You were on level 4 of the Dungeon.
You were not hungry.

You visited 1 branch of the dungeon, and saw 4 of its levels.

You collected 158 gold pieces.

Inventory:

Hand Weapons
 f - a +0 dagger
 h - a +0 spear (weapon)
Armour
 a - a +1 robe (worn)
Scrolls
 d - 5 scrolls of identify
Potions
 e - a potion of resistance
 g - 3 potions of brilliance
 i - a potion of agility
Books
 b - a book of Flames

   Spells                             Type                      Level
   a - Flame Tongue                   Conjuration/Fire             1
   b - Throw Flame                    Conjuration/Fire             2
   c - Conjure Flame                  Conjuration/Fire             3
   d - Inner Flame                    Hexes/Fire                   3
   e - Sticky Flame                   Conjuration/Fire             4
   f - Fireball                       Conjuration/Fire             5
 m - a book of Changes

   Spells                             Type                      Level
   a - Beastly Appendage              Transmutation                1
   b - Sticks to Snakes               Transmutation                2
   c - Spider Form                    Transmutation/Poison         3
   d - Ice Form                       Ice/Transmutation            4
   e - Blade Hands                    Transmutation                5
Comestibles
 c - 9 rations


   Skills:
 - Level 2.1(1.4) Dodging
 - Level 2.0(1.3) Stealth
 + Level 2.8(2.1) Spellcasting
 * Level 4.4(3.7) Conjurations
 * Level 4.9(4.1) Fire Magic


You had 3 spell levels left.
You knew the following spells:

 Your Spells              Type           Power        Failure   Level  Hunger
a - Flame Tongue          Conj/Fire      ###..        3%          1    #......
b - Throw Flame           Conj/Fire      ###...       6%          2    ###....
c - Conjure Flame         Conj/Fire      ###.....     12%         3    ###....


Dungeon Overview and Level Annotations

Branches:
Dungeon (4/15)
 Temple: D:4-7

Altars:
Ashenzari
Cheibriados
Dithmenos
Gozag
Trog

Annotations:
D:3 Sigmund
D:4 Blork the orc


Innate Abilities, Weirdness & Mutations

You have a beak for a mouth.
You have claws for feet.
You can fly.


Message History

Blork the orc hits you with a scimitar of draining!
You feel drained.
It was a potion of ambrosia.
You are confused.
You feel invigorated. Blork the orc barely misses you.
Blork the orc gestures at you while chanting.
The puff of frost hits you!
Blork the orc casts a cantrip, but nothing happens.
Found a scroll labeled ZUSHRUTARAI.
Blork the orc points at you and mumbles some strange words.
The puff of flame hits you!
Blork the orc gestures at you while chanting.
The puff of flame hits you!
You feel less invigorated.
You feel less confused.
Blork the orc hits you with a scimitar of draining!
Ouch! That really hurt!
* * * LOW HITPOINT WARNING * * *
You feel drained.
You die...

.<..#.##.#.....###....#.....,,,**
......................#.....,,,,,
##..#.##....................,,,**
)..............###....#.,,,,,,,*
##.............# #....#,,,,,,,,*
.#.#........#..# #....##'#***+**
...#......#.#.o# ####.##<####.#
...............######.........#
.......#..#>#..o@.......#######
.......#.......#####....#
.#.#...#.##.#.?.........#
.#.#...#.##.##.####.....#
.#.#.....*#,*#.#**#.....#
.......#***,*#..,*#.....#
.###...# *,*#.#,*#.....#*******
..##...# *,,..,,*#......,,,,,,*
.......## *,,******,,,,,,,,,,,,*


You could see Blork the orc.

Vanquished Creatures
  A worker ant (D:4)
  7 adders
  An ooze (D:1)
  2 worms
  A dart slug (D:4)
  3 leopard geckos
  9 orcs
  5 giant cockroaches
  5 goblins
  4 hobgoblins (D:2)
  2 jackals (D:2)
  3 quokkas
  A ball python (D:3)
  3 bats (D:2)
  3 frilled lizards
  4 kobolds
  11 rats
65 creatures vanquished.

Notes
Turn   | Place    | Note
-------+----------+-------------------------------------------
     0 | D:1      | kae the Tengu Fire Elementalist began the quest for the Orb.
     0 | D:1      | Reached XP level 1. HP: 10/10 MP: 4/4
   179 | D:1      | Reached XP level 2. HP: 5/15 MP: 3/6
  1523 | D:2      | Reached XP level 3. HP: 14/19 MP: 1/7
  1710 | D:2      | Learned a level 2 spell: Throw Flame
  1714 | D:2      | Learned a level 3 spell: Conjure Flame
  1997 | D:2      | Reached XP level 4. HP: 24/24 MP: 6/8
  2053 | D:2      | Found a shattered altar of Ashenzari.
  2637 | D:3      | Found a snail-covered altar of Cheibriados.
  2915 | D:3      | Found an opulent altar of Gozag.
  2937 | D:3      | Found a shadowy altar of Dithmenos.
  2945 | D:3      | Noticed Sigmund
  2985 | D:3      | Gained mutation: You can fly. [Tengu growth]
  2985 | D:3      | Reached XP level 5. HP: 21/28 MP: 6/9
  3725 | D:4      | Noticed Blork the orc
  4112 | D:4      | Found a bloodstained altar of Trog.
  4284 | D:4      | Slain by Blork the orc

Skill      XL: |  1  2  3  4 |
---------------+-------------+-----
Conjurations   | 2 3 4 |  4.4
Fire Magic     | 4 |  4.9
Dodging        | |  2.1
Stealth        | |  2.0
Spellcasting   | |  2.8

Action                   |  1- 3 |  4- 6 || total
-------------------------+-------+-------++-------
Melee: Kick              |    14 |     7 ||    21
       Unarmed           |     2 |       ||     2
       Dagger            |    24 |       ||    24
       Spear             |    25 |    52 ||    77
       Peck              |     5 |     5 ||    10
 Cast: Flame Tongue      |    18 |    45 ||    63
       Throw Flame       |     1 |     7 ||     8
       Conjure Flame     |       |     1 ||     1
  Use: Scroll            |     2 |     6 ||     8
       Potion            |       |     3 ||     3
 Stab: Sleeping          |     4 |     4 ||     8
  Eat: Chunk             |     4 |     7 ||    11
Armor: Robe              |     4 |     7 ||    11
Dodge: Dodged            |    22 |    43 ||    65
